 Dungeon Crawl Stone Soup version 0.13.2 (webtiles) character file.

275 RepoMan the Sneak (level 4, 31/31 HPs)
             Began as a Mummy Wanderer on Apr 8, 2014.
             Safely got out of the dungeon.
             The game lasted 00:11:24 (2357 turns).

RepoMan the Sneak (Mummy Wanderer)                  Turns: 2357, Time: 00:11:24

HP  31/31        AC  5     Str 15      XL: 4   Next: 35%
MP   4/4         EV 12     Int 12      God:
Gold 183         SH  0     Dex 11      Spells:  0 memorised,  3 levels left

Res.Fire  : x . .   See Invis. : .   a - +3 bow
Res.Cold  : + . .   Warding    : .   b - +0 robe
Life Prot.: + + +   Conserve   : .   (no shield)
Res.Poison: +       Res.Corr.  : .   m - +0 golden helmet
Res.Elec. : .       Clarity    : .   e - +0 cloak
Sust.Abil.: . .     Spirit.Shd : .   l - +0 pair of gauntlets
Res.Mut.  : .       Stasis     : .   (no boots)
Res.Rott. : +       Flight     : .   (no amulet)
Saprovore : . . .                    (no ring)
                                     p - ring of flight

@: slightly resistant to hostile enchantments, fairly stealthy
A: no food or potions, fire vulnerability, restore body, cold resistance 1, life
protection 3, poison resistance, torment resistance, unbreathing
a: Evoke Flight


You escaped.
You were not hungry.

You visited 1 branch of the dungeon, and saw 4 of its levels.

You collected 133 gold pieces.

Inventory:

Hand weapons
 a - a +3,+3 bow (weapon)
 c - a +0,+0 dagger
Missiles
 d - 73 arrows (quivered)
Armour
 b - a +0 robe (worn)
 e - a +0 cloak (worn)
 l - a +0 pair of gauntlets (worn)
 m - a +0 golden helmet (worn)
Scrolls
 f - a scroll of identify {unknown}
 g - a scroll of curse armour {unknown}
 h - 3 scrolls of teleportation
 i - a scroll of recharging {unknown}
 j - 3 scrolls of remove curse {unknown}
 k - a scroll of enchant armour {unknown}
 n - a scroll of random uselessness {unknown}
 o - a scroll of curse weapon {unknown}
Jewellery
 p - a ring of flight (left hand)


   Skills:
 + Level 2.4 Bows
 + Level 2.1 Armour
 + Level 1.3 Dodging
 - Level 2.6 Stealth
 - Level 2.5 Unarmed Combat
 - Level 1.0 Evocations


You had 3 spell levels left.
You didn't know any spells.

Dungeon Overview and Level Annotations

Branches:
Dungeon (4/27)
 Temple: D:4-7

Altars:
Ashenzari
Elyvilon
Okawaru


Innate Abilities, Weirdness & Mutations

You do not eat or drink.
Your flesh is vulnerable to fire.
Your flesh is cold resistant.
You are immune to negative energy.
Your system is resistant to poisons.
You are immune to unholy pain and torment.
You can survive without breathing.


Message History

Firing (i - inventory. (,) - cycle):
d - 74 arrows (quivered)
Press: ? - help, Shift-Dir - straight line, f - giant cockroach
Aim: a giant cockroach (clinging)
You shoot an arrow. The arrow hits the giant cockroach.
You kill the giant cockroach!
(D) Dungeon
Where to? (Enter - D:1, ? - help)
There is a stone staircase leading up here.
You climb upwards.
There is a stone staircase leading down here.
There is an open door here.
There is an open door here.
There is an open door here.
There is a stone staircase leading up here.
You climb upwards.
There is a stone staircase leading down here.
You see here a rat skeleton.
There is a staircase leading out of the dungeon here.
Are you sure you want to leave the Dungeon?
This will make you lose the game!
You have escaped!

#...#...# #.# #.#
##### # ###.#.### #.#
#.## # ###...#####.#
#..# #
#...........#######.#
###
#.##....###.......#.#
##.# #.#####.#
#######.#.# ##... #.#
#.# #.....#.#.# #....
#.# #.###.##....#.#
##... #.#
#.....#..@..#.# ##.#
##.#####.#####....##.#
#.# ...#.%...#
#.#.....# #.#
.##...#### #.#######
#.# .#.....# #......#
#.# .#.....# ######.#
#.# .#.....# #.# #.#
.##...## #.# #.#
.###.######## #.# #.#


There were no monsters in sight!

Vanquished Creatures
  6 adders
  A giant mite (D:3)
  A giant gecko (D:2)
  2 giant cockroaches
  5 hobgoblins
  2 quokkas (D:2)
  2 bats (D:2)
  2 giant newts
  4 goblins
  3 kobolds (D:3)
  4 rats
32 creatures vanquished.

Notes
Turn   | Place    | Note
--------------------------------------------------------------
     0 | D:1      | RepoMan, the Mummy Wanderer, began the quest for the Orb.
     0 | D:1      | Reached XP level 1. HP: 14/14 MP: 1/1
   683 | D:2      | Reached XP level 2. HP: 20/20 MP: 2/2
   830 | D:2      | Reached XP level 3. HP: 25/25 MP: 3/3
   920 | D:2      | Reached skill level 1 in Dodging
  1572 | D:3      | Found a white marble altar of Elyvilon.
  1574 | D:3      | Found a shattered altar of Ashenzari.
  1574 | D:3      | Found an iron altar of Okawaru.
  1605 | D:3      | Reached XP level 4. HP: 18/31 MP: 4/4
  2357 | D:$      | Safely got out of the dungeon.

Action                   |  1- 3 |  4- 6 || total
-------------------------+-------+-------++-------
Melee: Dagger            |     2 |       ||     2
 Fire: Bow               |    85 |    15 ||   100
